 Dungeon Crawl Stone Soup version 0.30-a0-394-g3e4acdb0ae (webtiles) character file.

Game seed: 5645682263147008062

963 qeuew the Digger (level 8, -1/48 HPs)
             Began as a Gargoyle Earth Elementalist on Dec 6, 2022.
             Was a Priest of Jiyva.
             Killed from afar by a steam dragon (14 damage)
             ... with a ball of steam
             ... on level 5 of the Dungeon.
             The game lasted 00:07:52 (3451 turns).

qeuew the Digger (Gargoyle Earth Elementalist)      Turns: 3451, Time: 00:07:53

Health: -1/48      AC:  8    Str: 21    XL:     8   Next: 15%
Magic:  14/14      EV: 12    Int: 21    God:    Jiyva [***...]
Gold:   223        SH:  0    Dex: 10    Spells: 11/15 levels left

rFire   . . .      SeeInvis .    f - +0 flail
rCold   . . .      Faith    .    (no shield)
rNeg    + . .      Spirit   .    a - +1 robe
rPois   ∞          Reflect  .    (helmet restricted)
rElec   +          Harm     .    (no cloak)
rCorr   +          Rampage  .    (no gloves)
Will    .....                    (no boots)
Stlth   ++........               (no amulet)
HPRegen 1.40/turn                c - +6 ring of intelligence
MPRegen 0.49/turn                i - +6 ring of strength

@: no status effects
A: sickness immunity, AC +5, negative energy resistance 1, electricity
resistance, torment resistance 1, petrification resistance, horns 1, MP-powered
wands
a: Renounce Religion, Oozemancy


You were on level 5 of the Dungeon.
You worshipped Jiyva.
Jiyva was most pleased with you.
You visited 1 branch of the dungeon, and saw 5 of its levels.

You collected 223 gold pieces.

Inventory:

Hand Weapons
 f - a +0 flail (weapon)
Armour
 a - a +1 robe (worn)
Jewellery
 c - a +6 ring of intelligence (left hand)
 i - a +6 ring of strength (right hand)
 n - a ring of see invisible
Wands
 e - a wand of light (10)
Scrolls
 d - a scroll of blinking {unknown}
 g - a scroll of teleportation
Potions
 b - a potion of magic
 h - 2 potions of brilliance {unknown}


   Skills:
 * Level 4.1 Fighting
 + Level 2.4 Maces & Flails
 + Level 2.7 Armour
 + Level 2.8 Dodging
 - Level 2.1 Stealth
 * Level 4.0 Spellcasting
 + Level 1.9 Conjurations
 - Level 1.0 Transmutations
 * Level 6.0 Earth Magic
 + Level 1.8 Evocations


You had 11 spell levels left.
You knew the following spells:

 Your Spells              Type           Power      Damage    Failure   Level
a - Sandblast             Erth           58%        2d13      1%          1
b - Stone Arrow           Conj/Erth      40%        3d9       7%          3

Your spell library contained the following spells:

 Spells                   Type           Power      Damage    Failure   Level
 Passwall                 Tmut/Erth      15%        N/A       4%          2
 Dazzling Flash           Conj/Hex       16%        N/A       24%         3
 Hailstorm                Conj/Ice       8%         3d4       24%         3
 Petrify                  Tmut/Erth      19%        N/A       28%         4
 Portal Projectile        Hex/Tloc       8%         N/A       34%         3
 Tukima's Dance           Hex            4%         N/A       34%         3
 Iskenderun's Mystic Bla  Conj/Tloc      8%         2d4       63%         4
 Ice Form                 Ice/Tmut       6%         N/A       67%         4
 Passage of Golubria      Tloc           4%         N/A       75%         4
 Iskenderun's Battlesphe  Conj           12%        2d7       83%         5
 Blade Hands              Tmut           4%         N/A       91%         5
 Yara's Violent Unravell  Hex/Tmut       3%         3d4       95%         5
 Iron Shot                Conj/Erth      10%        9d3       98%         6
 Simulacrum               Ice/Necr       2%         N/A       100%        6
 Starburst                Conj/Fire      4%         6d3       100%        6
 Spellforged Servitor     Conj/Summ      4%         N/A       100%        7


Dungeon Overview and Level Annotations

Branches:
Dungeon (5/15)
 Temple: D:4-7

Altars:
Uskayaw
Zin
The Shining One
Jiyva

Shops:
D:5 :

Annotations:
D:5 Sigmund


Innate Abilities, Weirdness & Mutations

You are immune to sickness and miasma.
Your stone body is resilient. (AC +5)
You are immune to poison.
You resist negative energy. (rN+)
You are resistant to electric shocks. (rElec)
You are resistant to unholy torment.
You are immune to petrification.
You have a pair of small horns on your head.
You expend magic power (3 MP) to strengthen your wands.


Message History

No target in view!
No target in view!
No target in view!
No target in view!
No target in view!
No target in view!
No target in view!
You hear a distant slurping noise.
Found a hide-covered altar of Uskayaw.
You hear a distant slurping noise.
You hear a distant slurping noise.
A steam dragon is nearby!
A steam dragon is nearby!
An adder and a hound come into view.
The adder hisses angrily.
The steam dragon hisses angrily.
You hear a distant slurping noise.
The steam dragon breathes steam at you. The ball of steam hits you!!
The hound barks!
The steam dragon bites you. The steam dragon barely misses you.
You closely miss the steam dragon.
The steam dragon is severely wounded.
The adder bites you but does no damage. The steam dragon bites you!
The steam dragon claws you.
You closely miss the steam dragon.
The steam dragon is severely wounded.
The adder closely misses you.
The steam dragon bites you but does no damage.
The steam dragon claws you but does no damage.
The hound barely misses you. The adder bites you but does no damage.
Unknown command.
You sock the steam dragon!
The steam dragon is almost dead.
The hound barely misses you. The steam dragon bites you!
The steam dragon barely misses you. The adder bites you.
* * * LOW HITPOINT WARNING * * *
The hound barely misses you. The steam dragon breathes steam at you.
The ball of steam hits you!
You die...

#...............#
######..........#
##.........####
###....#.#....
############...........
#.........###..........
#.........# #...##.....
#.....D...# #......#.##
#.....@h..# #..#.#.....
#.....S§..####......#..
#...8.8......#..#......
#.......§..#.#. #...###
#.8.....8....# ........
#.........._.# #.......
#.8....J8.§§.# ........
#........§.#.# #.......
#...8.8......# ...#####


You could see a steam dragon (catching breath, corroded), a hound, an adder and
a neutral jelly (wandering) (fellow slime).

Vanquished Creatures
  Grinder (D:5)
  Edmund (D:5)
  A water moccasin (D:5)
  An ogre (D:5)
  2 scorpions
  A howler monkey (D:4)
  2 hounds (D:5)
  An orc wizard (D:5)
  2 iguanas
  3 gnolls
  8 adders
  An ufetubus (D:5)
  A worm (D:4)
  A dart slug (D:1)
  5 orcs (D:4)
  9 endoplasms (D:1)
  3 giant cockroaches
  4 hobgoblins
  5 kobolds (D:1)
  5 quokkas
  6 ball pythons
  3 bats
  5 frilled lizards
  5 goblins
  5 rats
81 creatures vanquished.

Vanquished Creatures (others)
  An ogre (D:5)
  A centaur (D:5)
  A necrophage (D:4)
  A bullfrog (D:4)
  5 jellies
  An orc priest (D:5)
  An ufetubus (D:4)
  A dart slug (D:4)
  An endoplasm (D:4)
  2 orcs
  2 goblins
  A hobgoblin (D:4)
  3 kobolds
  A withered plant (D:2)
22 creatures vanquished.

Grand Total: 103 creatures vanquished

Notes
Turn   | Place    | Note
-------+----------+-------------------------------------------
     0 | D:1      | qeuew the Gargoyle Earth Elementalist began the quest for
                  | the Orb.
     0 | D:1      | Reached XP level 1. HP: 10/10 MP: 3/3
   102 | D:1      | Reached XP level 2. HP: 11/16 MP: 0/5
   313 | D:1      | Reached skill level 1 in Fighting
   324 | D:1      | Reached skill level 1 in Transmutations
   424 | D:1      | Reached skill level 4 in Earth Magic
   445 | D:1      | Reached XP level 3. HP: 20/20 MP: 0/6
  1205 | D:2      | Reached skill level 1 in Armour
  1205 | D:2      | Reached XP level 4. HP: 25/25 MP: 4/7
  1273 | D:2      | Found a faded altar of an unknown god.
  1364 | D:2      | Prayed at the altar of an unknown god.
  1364 | D:2      | Became a worshipper of Jiyva Juidanin the Shapeless
  1364 | D:2      | Reached * piety under Jiyva
  1724 | D:3      | Reached ** piety under Jiyva
  2053 | D:4      | Reached skill level 1 in Maces & Flails
  2053 | D:4      | Reached XP level 5. HP: 30/30 MP: 4/8
  2207 | D:4      | Found a glowing silver altar of Zin.
  2300 | D:4      | Reached *** piety under Jiyva
  2300 | D:4      | Gained mutation: You have a pair of small horns on your
                  | head. [Jiyva's grace]
  2300 | D:4      | Gained mutation: You have a pair of horns on your head.
                  | [Jiyva's grace]
  2300 | D:4      | Gained mutation: You have a pair of large horns on your
                  | head. [Jiyva's grace]
  2300 | D:4      | Gained mutation: You are strong-willed. (Will+) [Jiyva's
                  | grace]
  2643 | D:4      | Found a glowing golden altar of the Shining One.
  2869 | D:4      | Reached XP level 6. HP: 35/36 MP: 10/10
  2888 | D:4      | Lost mutation: You are strong-willed. (Will+) [potion of
                  | mutation]
  2888 | D:4      | Lost mutation: You have a pair of large horns on your head.
                  | [potion of mutation]
  2888 | D:4      | Lost mutation: You have a pair of horns on your head.
                  | [potion of mutation]
  2888 | D:4      | Gained mutation: You expend magic power (3 MP) to
                  | strengthen your wands. [potion of mutation]
  2893 | D:4      | Learned a level 3 spell: Stone Arrow
  2923 | D:5      | Entered Level 5 of the Dungeon
  2923 | D:5      | Noticed Sigmund
  2929 | D:5      | Noticed a steam dragon
  3045 | D:5      | Noticed a water moccasin
  3067 | D:5      | Killed a water moccasin
  3068 | D:5      | Reached skill level 5 in Earth Magic
  3068 | D:5      | Reached skill level 1 in Evocations
  3187 | D:5      | Reached **** piety under Jiyva
  3213 | D:5      | Noticed Edmund
  3219 | D:5      | Reached XP level 7. HP: 11/41 MP: 8/12
  3226 | D:5      | Reached skill level 1 in Conjurations
  3227 | D:5      | Killed Edmund
  3287 | D:5      | Noticed Grinder
  3299 | D:5      | Paralysed by Grinder for 5 turns
  3304 | D:5      | Killed Grinder
  3305 | D:5      | Reached XP level 8. HP: 48/48 MP: 13/13
  3378 | D:5      | Found Miliyd's Tremendous Tomes.
  3422 | D:5      | Reached skill level 6 in Earth Magic
  3438 | D:5      | Found a hide-covered altar of Uskayaw.
  3451 | D:5      | Killed from afar by a steam dragon

Illustrated notes

Levels and vault maps discovered:
D:1:      sevenhm_arrival_forest_fort_large_4, layout_basic,
          minmay_close_crescents
D:2:      layout_rooms, ebering_ecumenical_altar_petrified
D:3:      layout_rooms, nicolae_kite_square_tiling_tiny
D:4:      layout_loops_corners, mainiacjoe_overflow_alcove_1, marbit_many_paths,
          kennysheep_generic_room_13
D:5:      layout_rooms, nicolae_uskayaw_dance_hall,
          mainiacjoe_overflow_small_starburst, nicolae_shop_i_like_big_books,
          minmay_misc_feat_tower, uniq_edmund, uniq_sigmund, uniq_grinder

Skill      XL: |  1  2  3  4  5  6  7  8 |
---------------+-------------------------+-----
Fighting       | 1 2 3 4 |  4.1
Transmutations | 1 |  1.0
Earth Magic    | 4 5 6 |  6.0
Armour         | 1 2 |  2.7
Dodging        | 2 |  2.8
Maces & Flails | 1 2 |  2.4
Spellcasting   | 3 4 |  4.0
Evocations     | 1 |  1.8
Conjurations   | 1 |  1.9
Stealth        | |  2.1

Action                   |  1- 3 |  4- 6 |  7- 9 || total
-------------------------+-------+-------+-------++-------
Melee: Unarmed           |    32 |       |       ||    32
       Club              |     2 |    19 |       ||    21
       Headbutt          |       |     3 |     9 ||    12
       Flail             |       |    26 |    40 ||    66
 Cast: Sandblast         |    41 |    64 |     1 ||   106
       Stone Arrow       |       |       |     3 ||     3
Invok: Oozemancy         |       |     1 |       ||     1
  Use: Scroll            |     4 |     5 |       ||     9
       Potion            |       |     6 |       ||     6
 Stab: Sleeping          |       |       |     1 ||     1
Armor: Robe              |    21 |    47 |    28 ||    96
Dodge: Dodged            |    39 |    93 |    51 ||   183

Table legend: (Time is in decaauts)
 A = Elapsed time spent in this place.
 B = Non-inter-level travel time spent in this place.
 C = Inter-level travel time spent in this place.
 D = Time resting spent in this place.
 E = Time spent auto-exploring this place.
 F = Levels seen in this place.
 G = Mean time per level.
                   A        B        C        D        E       F      G
               +--------+--------+--------+--------+--------+-----+--------+
         Total |   3521 |   3303 |    218 |     15 |   2670 |   5 |  704.2 |
       Dungeon |   3521 |   3303 |    218 |     15 |   2670 |   5 |  704.2 |
               +--------+--------+--------+--------+--------+-----+--------+

Top non-repeatable levels by time:
     D:1: 1090 daAuts
     D:4: 1019 daAuts
     D:2: 578 daAuts
     D:5: 439 daAuts
     D:3: 394 daAuts
